 Dungeon Crawl Stone Soup version 0.28-a0-845-gfc338a8e3c (webtiles) character file.

Game seed: 8280633350056528141

12 cheechan the Bolt Thrower (level 2, -2/19 HPs)
             Began as an Octopode Hunter on Nov 12, 2021.
             Slain by a hobgoblin (5 damage)
             ... on level 1 of the Dungeon.
             The game lasted 00:01:16 (233 turns).

cheechan the Bolt Thrower (Octopode Hunter)          Turns: 233, Time: 00:01:17

Health: -2/19      AC:  1    Str: 11    XL:     2   Next: 33%
Magic:  2/2        EV: 13    Int: 13    God:
Gold:   7          SH:  0    Dex: 12    Spells: 1/1 levels left

rFire   . . .      SeeInvis .   a - +1 hand crossbow
rCold   . . .      Faith    .   (no shield)
rNeg    . . .      Spirit   .   (helmet restricted)
rPois   .          Reflect  .   (no amulet)
rElec   .          Harm     .   (no ring)
rCorr   .          Rampage  .   (no ring)
Will    .....                   (no ring)
Stlth   +++.......              (no ring)
HPRegen 0.06/turn               (no ring)
MPRegen 0.08/turn               (no ring)
                                (no ring)
                                (no ring)

@: no status effects
A: almost no armour, amphibious, 8 rings, camouflage 1, gelatinous body 1,
(nimble swimmer 1), tentacles
a: no special abilities


You were on level 1 of the Dungeon.
You visited 1 branch of the dungeon, and saw 1 of its levels.

You collected 7 gold pieces.

Inventory:

Hand Weapons
 a - a +1 hand crossbow (weapon)
 b - a +0 short sword
Missiles
 c - 28 bolts (quivered ammo)
 d - 10 sling bullets
 f - 18 arrows
Potions
 e - a potion of curing {unknown}


   Skills:
 + Level 2.0 Fighting
 + Level 4.5 Crossbows
 + Level 2.0 Dodging
 + Level 1.3 Stealth


You had one spell level left.
You didn't know any spells.
Your spell library was empty.

Dungeon Overview and Level Annotations

Branches:
Dungeon (1/15)

Altars:


Innate Abilities, Weirdness & Mutations

You cannot wear most types of armour.
You are amphibious.
You can wear up to eight rings at the same time.
Your skin changes colour to match your surroundings (Stealth+).
Your rubbery body absorbs attacks. (AC +1, EV +1)
((You are camouflaged near water. (Stealth+)))
You have tentacles for arms and can constrict up to eight enemies at once.


Message History

You kill the kobold!
Unknown command.
Fire: 33 bolts
Press: ? - help, Shift-Dir - straight line, f - hobgoblin
Aim: a hobgoblin (65% to hit)
You shoot a bolt. The bolt barely misses the hobgoblin.
Unknown command.
Fire: 32 bolts
Press: ? - help, Shift-Dir - straight line, f/p - hobgoblin
Aim: a hobgoblin (65% to hit)
You shoot a bolt. The bolt barely misses the hobgoblin.
A goblin comes into view. It is wielding a +0 dagger.
The hobgoblin barely misses you.
Unknown command.
Fire: 31 bolts
Press: ? - help, Shift-Dir - straight line, f/p - hobgoblin
Aim: a hobgoblin (65% to hit)
You shoot a bolt. The goblin shouts!
The bolt hits the hobgoblin.
The hobgoblin is moderately wounded.
The hobgoblin barely misses you.
Fire: 30 bolts
Press: ? - help, Shift-Dir - straight line, f/p - hobgoblin
Aim: a hobgoblin (moderately wounded, 65% to hit)
You shoot a bolt. The bolt hits the hobgoblin.
The hobgoblin is heavily wounded.
The hobgoblin hits you.
* * * LOW HITPOINT WARNING * * *
The rat bites you.
* * * LOW HITPOINT WARNING * * *
Okay, then.
You aren't carrying any scrolls.
Fire: 29 bolts
Press: ? - help, Shift-Dir - straight line, f/p - hobgoblin
Aim: a hobgoblin (heavily wounded, 65% to hit)
You shoot a bolt. The bolt hits the hobgoblin.
The hobgoblin is severely wounded.
The hobgoblin hits you.
You die...

...# ♣..♣.♣. ...# .#
........ ...# .#
.#.#♣♣♣♣♣ .[.#
######.#.. ##
.############.........
...................#
.############.##:#.#
.. #(##.# .## #.##@#
.. #.##g# ## #.##r#
#....# #.###..###.#
#(..g(.....##
#..##(........ ....
##.##..... #..
...#.####


You could see a hobgoblin and a rat.

Vanquished Creatures
  2 giant cockroaches (D:1)
  A goblin (D:1)
  A hobgoblin (D:1)
  A bat (D:1)
  3 kobolds (D:1)
  5 rats (D:1)
13 creatures vanquished.

Notes
Turn   | Place    | Note
-------+----------+-------------------------------------------
     0 | D:1      | cheechan the Octopode Hunter began the quest for the Orb.
     0 | D:1      | Reached XP level 1. HP: 14/14 MP: 1/1
   153 | D:1      | Reached XP level 2. HP: 15/19 MP: 2/2
   233 | D:1      | Slain by a hobgoblin

Illustrated notes

Levels and vault maps discovered:
D:1:      tarquinn_simple_flora_water_b, layout_loops_ring,
          basic_ecumenical_altar, minmay_misc_feat_pillars

Action                   || total
-------------------------++-------
Melee: Hand crossbow     ||     6
       Constrict         ||     2
       Tentacles         ||     1
 Fire: Hand crossbow     ||    23
Armor: Skin              ||     2
Dodge: Dodged            ||    11

Table legend: (Time is in decaauts)
 A = Elapsed time spent in this place.
 B = Non-inter-level travel time spent in this place.
 C = Inter-level travel time spent in this place.
 D = Time resting spent in this place.
 E = Time spent auto-exploring this place.
 F = Levels seen in this place.
 G = Mean time per level.
                   A        B        C        D        E       F      G
               +--------+--------+--------+--------+--------+-----+--------+
         Total |    242 |    242 |      0 |      0 |      0 |   1 |  242.0 |
       Dungeon |    242 |    242 |      0 |      0 |      0 |   1 |  242.0 |
               +--------+--------+--------+--------+--------+-----+--------+

Top non-repeatable levels by time:
     D:1: 242 daAuts
